Map: Acropolis LE

Players

Neeb - Winner!

  • Race: Protoss Protoss
  • Spawn Location: 5:00

Elazer

  • Race: Zerg Zerg
  • Spawn Location: 11:00

Event: 2019 WCS Global FInals

VOD

Have the link to the VOD?

Description

Time

  • Played on: Oct. 27, 2019, 3:14 a.m.
  • Length: 9:06

All games in this series

Show
View Real Time Build Order
Export as new Build Order

Neeb Protoss - Winner!

Build Orders: 1 Gate Expand, Oracle Opening, Phoenix Opening, Mass Adepts 

Get SALT Encoding   

  12  0:00  Probe  
  13  0:12  Probe  
  14  0:17  Pylon  
  14  0:24  Probe  
  15  0:32  Assimilator  
  15  0:36  Probe (Chrono Boost)  
  16  0:43  Gateway  
  16  0:48  Probe (Chrono Boost)  
  17  0:53  Probe (Chrono Boost)  
  18  1:04  Probe  
  19  1:16  Probe  
  20  1:23  Nexus  
  20  1:32  Cybernetics Core  
  20  1:36  Probe  
  21  1:41  Assimilator  
  21  1:48  Probe  
  21  1:50  Pylon  
  22  2:00  Probe (Chrono Boost)  
  23  2:06  Adept (Chrono Boost)  
  23  2:08  Warp Gate  
  23  2:10  Probe (Chrono Boost)  
  23  2:15  Probe (Chrono Boost)  
  26  2:21  Stargate  
  27  2:28  Probe (Chrono Boost), Adept  
  30  2:35  Probe (Chrono Boost)  
  33  2:44  Probe x2 (Chrono Boost)  
  33  2:49  Probe (Chrono Boost)  
  33  2:51  Probe  
  35  3:01  Probe  
  35  3:03  Probe  
  35  3:05  Phoenix (Chrono Boost)  
  39  3:13  Gateway, Probe  
  39  3:15  Gateway  
  39  3:18  Probe  
  39  3:19  Pylon  
  41  3:26  Adept  
  44  3:30  Oracle (Chrono Boost)  
  44  3:32  Pylon  
  46  3:37  Probe (Chrono Boost)  
  46  3:38  Probe (Chrono Boost)  
  48  3:41  Twilight Council  
  48  3:46  Assimilator  
  48  3:49  Assimilator, Probe (Chrono Boost)  
  50  3:55  Probe (Chrono Boost)  
  50  3:57  Probe (Chrono Boost)  
  50  4:02  Probe (Chrono Boost)  
  52  4:04  Probe  
  52  4:09  Pylon  
  56  4:11  Adept x3  
  56  4:14  Pylon, Resonating Glaives (Chrono Boost)  
  59  4:20  Probe  
  59  4:21  Probe  
  61  4:33  Adept x3  
  67  4:41  Probe  
  67  4:45  Nexus  
  68  4:55  Adept x3  
  74  5:02  Pylon, Probe x2  
  76  5:14  Probe x2  
  76  5:20  Sentry, Adept  
  76  5:21  Pylon, Adept  
  84  5:26  Probe  
  84  5:27  Probe  
  86  5:32  Robotics Facility x2  
  86  5:39  Probe x2  
  86  5:40  Robotics Facility  
  84  5:52  Probe  
  84  5:56  Stalker x2  
  84  5:57  Stalker  
  87  6:04  Pylon  
  87  6:06  Shield Battery  
  87  6:08  Shield Battery  
  85  6:13  Gateway  
  85  6:15  Gateway  
  83  6:19  Sentry x2  
  83  6:20  Sentry  
  83  6:21  Immortal (Chrono Boost)  
  93  6:26  Shield Battery  
  93  6:32  Shield Battery  
  97  6:38  Immortal (Chrono Boost)  
  97  6:43  Sentry x3  
  99  6:52  Immortal (Chrono Boost)  
  94  6:54  Shield Battery  
  94  6:57  Immortal (Chrono Boost)  
  82  7:10  Adept  
  82  7:11  Adept x4  
  78  7:16  Shield Battery  
  66  7:31  Sentry  
  66  7:33  Adept x3  
  66  7:37  Adept  
  76  7:48  Probe  
  75  7:53  Immortal (Chrono Boost)  
  75  7:54  Adept x3  
  75  7:57  Pylon  
  81  8:00  Pylon  
  81  8:02  Sentry, Adept  
  83  8:09  Pylon  
  81  8:16  Cybernetics Core, Adept x2  
  85  8:20  Adept  
  85  8:24  Pylon  
  85  8:28  Immortal (Chrono Boost)  
  85  8:32  Zealot  
  86  8:34  Zealot  
  86  8:38  Probe  
  86  8:39  Probe  
  84  8:43  Pylon  
  84  8:50  Sentry x2  
  84  8:51  Sentry  
  84  8:54  Shield Battery  
  90  9:00  Stalker  
  90  9:01  Stalker  
Show
View Real Time Build Order
Export as new Build Order

Elazer Zerg 

Build Orders: Hatch First 

Get SALT Encoding   

  12  0:00  Drone  
  13  0:12  Overlord  
  13  0:17  Drone  
  14  0:30  Drone x2  
  16  0:47  Hatchery  
  15  0:50  Drone  
  15  0:54  Drone  
  17  0:57  Drone  
  18  1:08  Extractor  
  17  1:12  Spawning Pool  
  17  1:15  Drone  
  17  1:19  Drone  
  18  1:28  Drone  
  19  1:39  Drone  
  20  1:49  Drone  
  21  1:58  Queen  
  21  1:59  Zergling x2, Queen  
  26  2:03  Overlord  
  26  2:10  Zergling x2  
  26  2:11  Drone  
  28  2:23  Drone x2  
  28  2:26  Hatchery  
  29  2:34  Drone x2  
  31  2:38  Queen  
  31  2:42  Metabolic Boost  
  33  2:48  Overlord  
  33  2:51  Drone  
  34  2:54  Drone  
  35  3:02  Drone  
  35  3:08  Spore Crawler  
  35  3:09  Drone  
  35  3:10  Overlord, Drone  
  35  3:11  Drone x3  
  40  3:14  Drone  
  40  3:16  Drone  
  42  3:22  Queen  
  44  3:29  Drone x2  
  44  3:31  Overlord  
  44  3:33  Drone  
  47  3:40  Drone  
  48  3:44  Drone x4  
  52  3:49  Overlord  
  52  3:51  Drone x3  
  52  3:53  Spore Crawler  
  54  4:01  Spore Crawler, Drone  
  54  4:02  Spore Crawler  
  53  4:03  Queen  
  53  4:08  Drone  
  56  4:10  Lair  
  56  4:15  Extractor  
  56  4:16  Extractor  
  54  4:17  Drone, Roach Warren  
  54  4:21  Zergling x6  
  57  4:29  Overlord  
  57  4:31  Zergling x10  
  57  4:34  Overlord  
  61  4:38  Overlord  
  61  4:42  Zergling x4  
  63  4:47  Overlord  
  63  4:51  Overlord  
  63  4:55  Overlord  
  63  5:02  Roach  
  63  5:03  Roach x4  
  73  5:09  Extractor  
  73  5:10  Nydus Network  
  73  5:11  Drone x2  
  73  5:16  Roach x2  
  77  5:24  Queen  
  77  5:25  Roach x3  
  82  5:28  Overlord  
  82  5:32  Roach  
  84  5:38  Roach x2  
  84  5:41  Roach  
  88  5:45  Roach  
  88  5:46  Roach  
  88  5:49  Nydus Canal  
  82  5:55  Roach x2  
  77  6:06  Zergling x6  
  77  6:09  Roach  
  81  6:16  Ravager x2  
  81  6:17  Ravager  
  85  6:18  Ravager  
  85  6:21  Roach x2  
  85  6:25  Roach  
  91  6:28  Roach  
  91  6:30  Zergling x2  
  94  6:38  Zergling x6  
  94  6:39  Nydus Canal  
  92  6:44  Zergling x4  
  94  6:47  Ravager  
  94  6:50  Zergling x2  
  84  6:55  Zergling x2  
  84  6:56  Zergling x4  
  84  7:00  Zergling x2  
  76  7:04  Roach x2  
  76  7:07  Roach  
  74  7:13  Roach  
  74  7:14  Roach  
  74  7:18  Zergling x4  
  71  7:23  Zergling x4  
  67  7:32  Roach x2  
  67  7:34  Zergling x4  
  68  7:44  Roach  
  68  7:48  Roach x2  
  68  7:50  Roach  
  70  7:53  Roach  
  70  7:57  Ravager  
  70  8:07  Roach  
  70  8:08  Roach x3, Ravager  
  70  8:09  Ravager  
  77  8:25  Roach x4  
  81  8:30  Zergling x6  
  76  8:37  Zergling x4  
  70  8:41  Roach  
  70  8:42  Zergling x2  
  70  8:45  Ravager x3  
  70  8:47  Zergling x2  
  75  8:52  Ravager  
Tags
 
Add a new tag
Caveats
  • Supply blocks, unpowered buildings, or Contaminate may cause inaccurate times.
  • Supply counts are checked every 10 seconds.